Map: 2000 Atmospheres LE

Players

Cure - Winner!

  • Race: Terran Terran

DRG

  • Race: Zerg Zerg

Event: DreamHack SC2 Masters Last Chance 2022

VOD

Have the link to the VOD?

Description

Time

  • Played on: Jan. 14, 2022, 10:53 a.m.
  • Length: 19:08

All games in this series

Show
View Real Time Build Order
Export as new Build Order

Cure Terran - Winner!

Build Orders: Mech 

Get SALT Encoding   

  12  0:00  SCV  
  13  0:12  SCV  
  14  0:17  Supply Depot  
  14  0:24  SCV  
  15  0:38  SCV  
  15  0:40  Barracks  
  15  0:42  Refinery  
  16  0:50  SCV  
  17  1:02  SCV  
  18  1:15  SCV  
  19  1:27  Orbital Command  
  20  1:35  Command Center  
  20  1:37  Marine  
  20  1:48  Factory  
  20  1:52  SCV  
  21  1:57  Refinery  
  21  2:01  Barracks Reactor  
  21  2:04  SCV  
  22  2:08  Supply Depot  
  22  2:16  SCV  
  23  2:30  SCV  
  23  2:32  Hellion  
  23  2:33  Starport  
  26  2:37  Marine  
  26  2:38  Marine  
  26  2:42  SCV  
  29  2:47  Orbital Command  
  29  2:54  Hellion  
  29  2:56  SCV  
  32  3:00  Marine  
  32  3:01  Marine  
  34  3:08  SCV  
  34  3:09  Medivac  
  37  3:13  SCV  
  37  3:17  Supply Depot  
  38  3:22  Marine x2  
  38  3:24  SCV  
  38  3:25  SCV  
  42  3:33  Fusion Core  
  42  3:36  SCV  
  42  3:37  SCV  
  45  3:48  SCV  
  45  3:49  SCV  
  45  3:52  Marine  
  45  3:53  Hellion, Starport Tech Lab  
  45  3:54  Hellion  
  51  4:01  Supply Depot  
  51  4:03  SCV x2  
  51  4:05  Supply Depot  
  54  4:17  SCV  
  54  4:18  SCV  
  54  4:23  Battlecruiser  
  57  4:26  Hellion  
  57  4:29  SCV  
  57  4:30  SCV  
  61  4:35  Supply Depot  
  61  4:37  Hellion  
  63  4:41  SCV  
  63  4:43  SCV  
  65  4:51  Barracks Tech Lab, Command Center  
  65  4:53  SCV  
  65  4:55  SCV  
  65  4:56  Hellion  
  65  4:58  Hellion  
  71  5:00  Supply Depot  
  71  5:01  Supply Depot  
  71  5:05  SCV  
  72  5:07  SCV, Refinery  
  72  5:10  Refinery  
  73  5:17  Hellion, SCV  
  73  5:19  SCV  
  77  5:22  Hellion  
  77  5:24  Supply Depot  
  79  5:31  Battlecruiser  
  85  5:35  SCV x2  
  87  5:47  SCV  
  87  5:48  Hellion x2, SCV  
  93  5:51  Factory  
  93  6:01  Factory  
  93  6:02  Armory  
  93  6:06  SCV x2  
  93  6:09  Hellion x2  
  98  6:20  SCV x2  
  98  6:22  Orbital Command  
  100  6:30  Hellion  
  100  6:31  Hellion  
  100  6:32  Factory x2  
  104  6:37  SCV x2  
  112  6:40  Battlecruiser  
  106  6:48  Factory Tech Lab  
  106  6:49  SCV x2  
  106  6:52  Orbital Command  
  96  6:55  Hellion x2  
  97  7:01  SCV  
  97  7:02  Siege Tank  
  97  7:04  SCV  
  99  7:13  SCV  
  99  7:14  Refinery  
  96  7:16  SCV  
  96  7:20  Refinery  
  96  7:21  Siege Tank, Factory Tech Lab, Factory Reactor  
  100  7:23  SCV  
  100  7:25  SCV  
  100  7:26  Engineering Bay  
  100  7:28  SCV  
  103  7:32  Supply Depot  
  103  7:35  SCV  
  104  7:37  Siege Tank  
  104  7:38  Hellion x2, SCV  
  115  7:44  Siege Tank  
  115  7:46  Weapon Refit  
  115  7:55  Missile Turret  
  115  7:56  Missile Turret  
  115  7:57  Missile Turret x2  
  115  7:59  Terran Vehicle Weapons Level 1  
  115  8:02  Missile Turret, Armory  
  115  8:10  Siege Tank  
  115  8:11  SCV x3  
  121  8:17  Command Center  
  121  8:21  Supply Depot  
  121  8:23  Siege Tank  
  124  8:29  Supply Depot x2  
  124  8:32  Supply Depot  
  124  8:40  Factory, SCV  
  125  8:42  SCV x2, Siege Tank  
  125  8:43  Factory  
  125  8:46  Factory  
  130  8:52  Supply Depot, Terran Vehicle And Ship Armor Level 1  
  130  8:57  Supply Depot x2  
  130  9:00  Siege Tank  
  130  9:01  Hellion  
  135  9:16  Hellion x3, Siege Tank x2  
  143  9:23  Infernal Pre-Igniter  
  139  9:24  SCV x2  
  139  9:25  SCV  
  142  9:33  Refinery  
  142  9:38  Refinery  
  142  9:39  Factory Tech Lab x2  
  142  9:40  Hellion  
  142  9:41  Hellion x3  
  150  9:46  Mag-Field Accelerator  
  150  9:47  SCV  
  150  9:48  SCV x2  
  150  9:49  Missile Turret  
  150  9:50  Missile Turret  
  150  9:51  Siege Tank  
  150  9:52  Siege Tank  
  147  10:07  Siege Tank x2  
  147  10:08  Hellion x2, Planetary Fortress  
  147  10:10  Hellion x2, Command Center  
  159  10:16  Terran Vehicle Weapons Level 2  
  159  10:30  Thor  
  157  10:38  Thor  
  157  10:39  Hellion  
  157  10:40  Hellion x2, Command Center  
  169  10:49  Terran Vehicle And Ship Armor Level 2  
  167  10:50  Hellion x4  
  167  10:55  Factory Reactor  
  167  11:02  Thor  
  173  11:08  Thor  
  179  11:15  Hellion  
  179  11:16  Hellion x3  
  179  11:17  Thor  
  193  11:27  Missile Turret  
  189  11:37  Thor x2  
  189  11:38  Hellion  
  189  11:44  Hellion  
  189  11:45  Hellion x2  
  189  11:46  Hellion  
  184  11:51  Thor  
  184  11:52  Hellion x2  
  184  11:53  Thor x2  
  177  11:59  Hellion  
  179  12:02  Siege Tank  
  179  12:04  Smart Servos  
  179  12:05  Orbital Command  
  179  12:06  Hellion, Orbital Command  
  179  12:08  Command Center  
  184  12:13  Siege Tank  
  187  12:20  Hellion, Thor  
  187  12:21  Hellion  
  193  12:23  Hellion  
  193  12:24  Hellion  
  193  12:25  Hellion x2  
  188  12:35  Thor  
  194  12:48  Hellion, Siege Tank, Thor  
  194  12:51  Siege Tank  
  186  12:54  Hellion  
  173  13:13  Refinery  
  173  13:14  Refinery  
  173  13:16  Hellion x2, Thor  
  173  13:18  Siege Tank  
  179  13:20  Siege Tank  
  152  13:28  Hellion, Thor  
  152  13:31  Siege Tank  
  138  13:47  Terran Vehicle Weapons Level 3  
  135  13:50  Siege Tank  
  135  13:52  Siege Tank  
  135  13:55  Hellion x5  
  144  13:59  Siege Tank  
  144  14:01  Command Center  
  141  14:10  Siege Tank  
  141  14:11  Hellion x2  
  141  14:12  Starport Reactor  
  141  14:13  SCV  
  141  14:14  SCV x4  
  141  14:16  Hellion x3  
  159  14:22  Siege Tank  
  162  14:29  Hellion x2, Siege Tank  
  162  14:31  Siege Tank  
  170  14:32  SCV x3  
  170  14:33  SCV x2  
  168  14:38  Hellion, Siege Tank  
  168  14:39  Hellion x5  
  168  14:42  Siege Tank  
  167  14:49  Hellion  
  154  14:54  Siege Tank, Orbital Command  
  138  15:01  Siege Tank  
  138  15:03  Planetary Fortress, Siege Tank  
  138  15:04  SCV x4  
  146  15:16  SCV x2  
  146  15:19  Hellion x2  
  146  15:20  Missile Turret  
  146  15:21  Cyclone x2  
  146  15:27  Cyclone  
  153  15:29  Hellion  
  153  15:33  Cyclone  
  153  15:35  Cyclone  
  157  15:52  Orbital Command  
  157  15:53  Thor  
  151  16:05  Cyclone, Thor  
  151  16:10  Hellion  
  154  16:21  Siege Tank, Thor  
  154  16:22  Hellion x2  
  154  16:23  SCV  
  168  16:27  Orbital Command  
  168  16:29  SCV  
  169  16:34  Missile Turret  
  169  16:36  Thor  
  169  16:37  Sensor Tower  
  175  16:40  Siege Tank  
  170  16:47  Hellion  
  170  16:49  Siege Tank  
  170  16:53  Siege Tank  
  172  16:57  Hellion  
  165  17:04  Siege Tank  
  165  17:05  Orbital Command  
  162  17:11  Hellion  
  162  17:12  Siege Tank  
  162  17:13  SCV x2  
  162  17:14  SCV  
  171  17:15  SCV x2  
  171  17:19  Siege Tank  
  171  17:21  Siege Tank  
  178  17:27  Thor  
  184  17:32  Hellion  
  186  17:46  Siege Tank  
  186  17:47  Hellion x3, Siege Tank  
  186  17:49  Hellion  
  186  18:40  Hellion  
  162  18:42  Hellion x3  
  162  18:44  Hellion  
  162  18:45  Hellion  
  160  18:50  Refinery  
  160  18:51  Supply Depot, Refinery  
  160  18:52  Supply Depot  
  160  18:53  Supply Depot  
  160  18:54  Supply Depot  
Show
View Real Time Build Order
Export as new Build Order

DRG Zerg 

Build Orders: Hatch First 

Get SALT Encoding   

  12  0:00  Drone  
  13  0:11  Overlord  
  13  0:16  Drone  
  14  0:30  Drone x2  
  16  0:47  Hatchery  
  15  0:51  Drone  
  15  0:55  Drone  
  17  0:57  Drone  
  18  1:12  Spawning Pool  
  18  1:14  Extractor  
  18  1:17  Drone  
  17  1:20  Drone  
  18  1:27  Drone  
  19  1:38  Drone  
  20  1:48  Drone  
  21  1:58  Queen x2  
  21  1:59  Zergling x4  
  27  2:09  Overlord  
  27  2:10  Zergling x2  
  28  2:23  Hatchery  
  28  2:25  Drone  
  28  2:28  Drone  
  29  2:31  Drone  
  29  2:32  Drone  
  31  2:40  Queen  
  33  2:45  Metabolic Boost  
  33  2:50  Overlord  
  33  2:53  Drone  
  33  2:55  Drone  
  35  2:59  Drone  
  35  3:04  Overlord  
  36  3:09  Drone x3  
  36  3:11  Drone  
  40  3:16  Drone  
  40  3:19  Queen  
  43  3:22  Drone  
  43  3:25  Drone  
  44  3:29  Queen  
  44  3:31  Drone  
  47  3:36  Queen  
  47  3:40  Overlord  
  49  3:43  Drone  
  49  3:44  Drone  
  49  3:46  Drone  
  49  3:47  Drone  
  53  3:50  Drone  
  53  3:51  Zergling x2  
  53  3:55  Drone  
  56  3:58  Queen  
  56  4:00  Drone  
  56  4:01  Drone  
  60  4:04  Drone  
  60  4:06  Zergling x4  
  63  4:11  Drone  
  63  4:12  Drone  
  65  4:17  Overlord  
  65  4:21  Overlord  
  65  4:22  Drone x2  
  65  4:25  Queen  
  65  4:30  Drone x3  
  61  4:31  Drone  
  61  4:33  Drone x2  
  61  4:38  Drone x3  
  67  4:41  Drone  
  67  4:44  Drone  
  69  4:49  Drone  
  69  4:51  Lair  
  70  4:54  Spore Crawler  
  70  4:55  Drone x4  
  70  4:58  Drone  
  74  5:00  Spore Crawler  
  74  5:01  Spore Crawler  
  74  5:02  Drone  
  74  5:06  Extractor  
  74  5:07  Drone  
  73  5:08  Overlord, Extractor  
  73  5:12  Overlord  
  72  5:16  Overlord  
  72  5:17  Roach Warren  
  72  5:18  Drone  
  72  5:20  Drone  
  72  5:21  Overlord  
  73  5:26  Queen  
  73  5:28  Zergling x8, Extractor  
  78  5:30  Zergling x2  
  79  5:36  Drone x2  
  80  5:43  Drone  
  80  5:46  Drone x4  
  81  5:54  Drone  
  81  5:55  Drone x3  
  83  5:59  Drone x3  
  83  6:00  Spire  
  83  6:01  Drone  
  83  6:03  Drone  
  87  6:05  Drone  
  87  6:07  Extractor  
  87  6:11  Drone  
  84  6:16  Drone x2  
  84  6:17  Drone, Glial Reconstitution  
  84  6:18  Extractor  
  85  6:19  Zergling x2  
  85  6:20  Zergling x2  
  85  6:21  Drone  
  85  6:23  Drone  
  89  6:29  Roach  
  91  6:34  Drone x3  
  91  6:39  Roach x5  
  102  6:45  Zergling x4  
  91  6:53  Drone  
  83  6:55  Drone  
  83  6:56  Drone  
  83  7:00  Drone  
  83  7:01  Drone  
  86  7:05  Drone x3  
  89  7:09  Drone  
  89  7:10  Drone  
  89  7:15  Drone  
  89  7:16  Zerg Flyer Weapons Level 1  
  89  7:18  Drone  
  89  7:22  Drone  
  89  7:26  Drone  
  89  7:29  Drone  
  91  7:34  Corruptor x2  
  94  7:39  Overlord x2  
  94  7:42  Hatchery, Overlord  
  93  7:45  Overlord  
  93  7:47  Overlord  
  93  7:48  Overlord  
  93  7:52  Overlord  
  93  7:57  Overlord  
  93  8:00  Drone x4  
  93  8:01  Drone  
  93  8:02  Drone  
  93  8:03  Drone x2  
  101  8:06  Ravager x5  
  101  8:09  Drone x2  
  108  8:15  Evolution Chamber  
  108  8:16  Pneumatized Carapace  
  108  8:17  Evolution Chamber  
  106  8:20  Corruptor  
  108  8:32  Zergling x8  
  112  8:36  Corruptor x4  
  120  8:43  Zerg Missile Weapons Level 1, Zerg Ground Armor Level 1  
  120  8:46  Drone x5  
  125  8:52  Overlord  
  125  8:53  Drone x3  
  125  8:55  Drone x2  
  130  8:59  Roach x2  
  130  9:00  Roach, Extractor  
  130  9:01  Overlord  
  130  9:02  Extractor  
  134  9:06  Zergling x4  
  135  9:14  Drone x2  
  135  9:15  Drone  
  135  9:16  Drone x6  
  139  9:20  Drone  
  140  9:25  Roach  
  140  9:28  Zerg Flyer Weapons Level 2  
  142  9:34  Corruptor x4  
  142  9:35  Corruptor  
  142  9:37  Roach  
  142  9:38  Roach  
  156  9:41  Overlord  
  156  9:43  Roach x2  
  160  9:47  Overlord x2  
  160  9:51  Overlord  
  160  9:53  Overlord  
  160  10:05  Drone x4  
  160  10:06  Drone x3  
  163  10:10  Roach x9  
  177  10:22  Overlord  
  175  10:30  Drone x3  
  175  10:31  Hatchery  
  175  10:35  Roach x4  
  183  10:36  Zergling x4  
  183  10:40  Zerg Missile Weapons Level 2  
  185  10:47  Ravager x7  
  192  10:50  Zerg Ground Armor Level 2  
  192  10:56  Zergling x6, Spine Crawler  
  193  10:57  Spine Crawler  
  193  11:02  Ravager x4  
  193  11:03  Zergling x6  
  199  11:18  Extractor x2  
  198  11:21  Spine Crawler  
  198  11:24  Infestation Pit, Zergling x8  
  194  11:38  Roach x8  
  173  11:50  Roach x8  
  173  11:53  Roach x7  
  192  12:01  Ravager x4  
  196  12:02  Ravager  
  196  12:03  Ravager x3  
  194  12:18  Zergling x22  
  188  12:26  Roach x7  
  188  12:27  Roach  
  188  12:28  Ravager x10  
  195  12:40  Zergling x10  
  195  12:50  Roach x7  
  166  12:54  Hatchery, Roach x8  
  150  12:58  Ravager x3  
  150  12:59  Ravager x5  
  150  13:02  Roach  
  158  13:05  Roach  
  160  13:16  Ravager x5  
  152  13:22  Zergling x16  
  152  13:23  Roach  
  152  13:24  Roach x4  
  154  13:29  Roach x4  
  154  13:32  Roach x2  
  124  13:41  Roach x5  
  124  13:48  Roach x4  
  135  13:54  Ravager x5  
  134  13:59  Extractor  
  134  14:01  Roach x5, Extractor  
  139  14:04  Roach x2  
  140  14:10  Roach x2  
  140  14:13  Ravager x2  
  140  14:15  Zergling x8  
  150  14:20  Drone x3  
  150  14:21  Drone  
  150  14:35  Roach x8  
  162  14:42  Roach x4  
  148  14:54  Roach x6  
  137  15:01  Ravager x3  
  137  15:03  Ravager x3  
  137  15:04  Roach x4  
  151  15:07  Ravager x4  
  143  15:29  Swarm Host x8  
  161  15:36  Swarm Host x3  
  170  15:47  Drone  
  170  15:49  Drone  
  169  15:50  Drone  
  164  16:04  Swarm Host  
  164  16:05  Swarm Host x6  
  177  16:15  Drone x2  
  177  16:16  Drone x3  
  174  16:20  Roach  
  174  16:21  Roach  
  174  16:24  Ravager x2  
  174  16:25  Ravager  
  179  16:30  Roach  
  181  16:41  Roach x4  
  181  16:57  Roach  
  181  16:58  Roach x4  
  191  17:18  Ravager x4, Hatchery  
  194  17:26  Roach x3  
  197  18:03  Overlord  
  197  18:04  Overlord  
  186  18:11  Roach Warren  
  183  18:18  Hatchery  
  127  18:48  Drone x6  

Tags
 
Add a new tag
Caveats
  • Supply blocks, unpowered buildings, or Contaminate may cause inaccurate times.
  • Supply counts are checked every 10 seconds.